 Dungeon Crawl Stone Soup version 0.20.1-1-g8b1a95d (webtiles) character file.

116 Inarius the Grave Robber (level 5, -1/40 HPs)
             Began as a Hill Orc Necromancer on July 3, 2017.
             Slain by Sigmund
             ... wielding a cursed -2 scythe
              (15 damage)
             ... on level 3 of the Dungeon.
             The game lasted 00:09:18 (2203 turns).

Inarius the Grave Robber (Hill Orc Necromancer)     Turns: 2203, Time: 00:09:19

Health: -1/40      AC:  5    Str: 11    XL:     5   Next: 0%
Magic:  8/8        EV: 11    Int: 16    God:
Gold:   126        SH:  0    Dex: 11    Spells: 3/8 levels left

rFire    . . .     SeeInvis .   l - +0 spear (vamp)
rCold    . . .     Gourm    .   (no shield)
rNeg     . . .     Faith    .   k - +0 leather armour
rPois    +         Spirit   .   (no helmet)
rElec    .         Reflect  .   h - +0 cloak
rCorr    .         Harm     .   m - +0 pair of gloves
MR       .....                  (no boots)
Stlth    +.........             (no amulet)
Regen    0.2/turn               v - ring of poison resistance
MPRegen  0.2/turn               (no ring)

@: confused, very slightly contaminated, invisible
A: no striking features
a: no special abilities


You were on level 3 of the Dungeon.
You were not hungry.

You visited 1 branch of the dungeon, and saw 3 of its levels.

You collected 126 gold pieces.

Inventory:

Hand Weapons
 e - a +0 dagger
 l - a +0 vampiric spear (weapon)
Armour
 h - a +0 cloak (worn)
 k - a +0 leather armour (worn)
 m - a +0 pair of gloves (worn)
Jewellery
 v - a ring of poison resistance (left hand)
Scrolls
 d - a scroll of teleportation {unknown}
 j - a scroll of noise {unknown}
 n - a scroll of immolation {unknown}
 o - a scroll of fear {unknown}
 r - a scroll of magic mapping {unknown}
 t - 2 scrolls of remove curse {unknown}
Potions
 f - a potion of brilliance
 p - a potion of haste
 q - a potion of cancellation
 s - a potion of magic
 w - a potion of curing {unknown}
Books
 b - a book of Necromancy

   Spells                             Type                      Level
   a - Pain                           Necromancy                   1
   b - Animate Skeleton               Necromancy                   1
   c - Vampiric Draining              Necromancy                   3
   d - Regeneration                   Charms/Necromancy            3
   e - Animate Dead                   Necromancy                   4
   f - Control Undead                 Necromancy                   4
Comestibles
 a - 6 chunks of flesh
 c - 2 bread rations
 i - 4 fruits
 u - a meat ration


   Skills:
 + Level 1.6 Fighting
 - Level 1.0 Polearms
 * Level 1.5 Armour
 - Level 1.5 Dodging
 - Level 1.5 Stealth
 + Level 0.2 Unarmed Combat
 + Level 2.1 Spellcasting
 + Level 5.0 Necromancy


You had 3 spell levels left.
You knew the following spells:

 Your Spells              Type           Power        Failure   Level  Hunger
a - Pain                  Necr           ###.         3%          1    #......
b - Animate Skeleton      Necr           N/A          3%          1    #......
c - Regeneration          Chrm/Necr      #.........   28%         3    ###....


Dungeon Overview and Level Annotations

Branches:
Dungeon (3/15)

Altars:
Okawaru

Annotations:
D:3 Sigmund


Message History

Unknown command.
Put on which piece of jewellery? (? for menu, Esc to quit)
Okay, then.
Unknown command.
You swap places.
Something hits you.
You hit something.
You feel better. Something barely misses you.
You closely miss something. You closely miss something.
Something hits you but does no damage.
You closely miss something. Something hits you!
You miss something. You barely miss something. Something hits you!
You fade into invisibility!
You hear some strange, mumbled words.
You are confused.
You are very lightly contaminated with residual magic.
Are you sure you want to stumble around while confused and next to your hobgoblin skeleton?
Okay, then.
Unknown command.
Something hits you!
You die...

#.... #.>. #... ...
#.# #.. #.# #.# #.#
#{### #.# #Z@Z# #.#
#...# #.# #...# #.#
#.###
###.###'##########
#........#<.......
#.#.##.....#.#######
#.#.##.....#.#..
#.#.##.....#.#.#


You could see a friendly hobgoblin skeleton and a friendly orc skeleton.

Vanquished Creatures
  4 adders (D:2)
  An ooze (D:1)
  3 dart slugs (D:2)
  2 leopard geckos
  An orc (D:3)
  3 giant cockroaches
  7 goblins
  4 hobgoblins
  4 jackals
  6 bats
  A frilled lizard (D:1)
  10 kobolds
  A rat (D:2)
47 creatures vanquished.

Vanquished Creatures (collateral kills)
  An adder (D:2)
  A dart slug (D:2)
  A giant cockroach (D:1)
  2 goblins
  5 hobgoblins
  A bat (D:1)
  A kobold (D:1)
  3 rats (D:1)
15 creatures vanquished.

Grand Total: 62 creatures vanquished

Notes
Turn   | Place    | Note
-------+----------+-------------------------------------------
     0 | D:1      | Inarius the Hill Orc Necromancer began the quest for the Orb.
     0 | D:1      | Reached XP level 1. HP: 14/14 MP: 3/3
   128 | D:1      | Learned a level 1 spell: Animate Skeleton
   240 | D:1      | Reached XP level 2. HP: 16/20 MP: 1/4
  1149 | D:1      | Reached XP level 3. HP: 22/26 MP: 3/5
  1301 | D:1      | Reached skill level 1 in Armour
  1310 | D:1      | Found an iron altar of Okawaru.
  1735 | D:2      | Reached skill level 1 in Fighting
  1735 | D:2      | Reached XP level 4. HP: 32/35 MP: 5/7
  1859 | D:2      | Reached skill level 1 in Polearms
  1924 | D:2      | Learned a level 3 spell: Regeneration
  2105 | D:3      | Reached skill level 5 in Necromancy
  2170 | D:3      | Noticed Sigmund
  2176 | D:3      | Reached XP level 5. HP: 39/40 MP: 8/8
  2203 | D:3      | Slain by Sigmund

Skill      XL: |  1  2  3  4 |
---------------+-------------+-----
Armour         | 1 |  1.5
Fighting       | 1 |  1.6
Spellcasting   | 2 |  2.1
Polearms       | 1 |  1.0
Necromancy     | 5 |  5.0
Dodging        | |  1.5
Stealth        | |  1.5
Unarmed Combat | |  0.2

Action                   |  1- 3 |  4- 6 || total
-------------------------+-------+-------++-------
Melee: Unarmed           |    22 |       ||    22
       Dagger            |    52 |       ||    52
       Spear             |    42 |    79 ||   121
 Cast: Pain              |    27 |     9 ||    36
       Animate Skeleton  |    16 |    10 ||    26
  Use: Scroll            |       |     5 ||     5
       Potion            |       |     1 ||     1
 Stab: Sleeping          |     2 |     1 ||     3
  Eat: Chunk             |     3 |     1 ||     4
       Bread ration      |     1 |       ||     1
       Royal jelly       |     1 |       ||     1
Armor: Robe              |    21 |       ||    21
       Leather armour    |    19 |    19 ||    38
Dodge: Dodged            |    95 |    46 ||   141
